 Dungeon Crawl Stone Soup version 0.31-a0-210-gccc998df9b (webtiles) character file.

Game seed: 15328306068934482846

245 gelatine the Shooter (level 6, -6/37 HPs)
             Began as a Kobold Hunter on July 1, 2023.
             Splashed by a jelly's acid (11 damage)
             ... on level 4 of the Dungeon.
             The game lasted 00:05:21 (3330 turns).

gelatine the Shooter (Kobold Hunter)                Turns: 3330, Time: 00:05:23

Health: -6/37      AC: -3    Str:  8    XL:     6   Next: 32%
Magic:  6/6        EV: 15    Int: 11    God:
Gold:   133        SH:  0    Dex: 22    Spells: 5/5 levels left

rFire   . . .        m - +10 morningstar "Sapatt" {drain, rPois Dex+2}
rCold   . . .        (no shield)
rNeg    . . .        c - +0 leather armour
rPois   +            (no helmet)
rElec   .            (no cloak)
rCorr   .            (no gloves)
SInv    .            d - +0 pair of boots
Will    .....        (no amulet)
Stlth   ++++         (no ring)
HPRegen 0.26/turn    (no ring)
MPRegen 0.10/turn

%: no passive effects
@: corroded
A: small, no large weapons, nightstalker 3
a: no special abilities


You were on level 4 of the Dungeon.
You visited 1 branch of the dungeon, and saw 4 of its levels.

You collected 133 gold pieces.

Inventory:

Hand Weapons
 a - a +0 shortbow
 m - the +10 morningstar "Sapatt" (weapon) {drain, rPois Dex+2}
   (You found it on level 3 of the Dungeon)

   Dex:       It affects your dexterity (+2).
   rPois:     It protects you from poison.
Missiles
 j - a throwing net
Armour
 c - a +0 leather armour (worn)
 d - a +0 pair of boots (worn)
Wands
 n - a wand of mindburst (3)
Scrolls
 b - a scroll of butterflies
 g - 2 scrolls of identify {unknown}
 h - a scroll of enchant armour {unknown}
 i - a scroll of teleportation {unknown}
 q - a scroll of torment {unknown}
 r - a scroll of fog {unknown}
Potions
 e - a potion of attraction {unknown}
 f - a potion of enlightenment {unknown}
 k - 2 potions of brilliance {unknown}
 l - a potion of ambrosia {unknown}
 o - a potion of lignification {unknown}
 p - 3 potions of curing {unknown}


   Skills:
 * Level 3.3 Fighting
 + Level 0.9 Maces & Flails
 * Level 7.6 Ranged Weapons
 * Level 1.1 Armour
 * Level 3.1 Dodging
 * Level 3.1 Stealth


You had 5 spell levels left.
You didn't know any spells.
Your spell library was empty.

Dungeon Overview and Level Annotations

Branches:
Dungeon (4/15)
 Temple: D:4-7

Altars:
Ashenzari
Hepliaklqana
Sif Muna


Innate Abilities, Weirdness & Mutations

You are small and have problems with some larger weapons.
You are completely attuned to the shadows.


Message History

You strike the helpless orc wizard from behind!
You puncture the orc wizard! You drain the orc wizard.
You kill the orc wizard!
Things that are here:
a +0 dagger; a +0 robe HP restored.
Things that are here:
a +0 whip; a +0 leather armour; an orc corpse You now have 133 gold pieces (gained 17).
You open the door.
There is an open door here.
Found a leather armour.
An orc comes into view. It is wielding a +0 falchion.
The orc shouts!
An orc comes into view. It is wielding a +0 short sword.
A jelly comes into view.
An orc priest comes into view. It is wielding a +0 short sword.
The orc priest shouts!
The orc shouts!
You sock the orc!
You kill the orc!
A scorpion comes into view.
The orc closely misses you. The jelly hits you.
You are splashed with acid.
Things that are here:
a +0 falchion; an orc corpse You barely miss the orc.
Your punch misses the orc. The jelly barely misses you.
The orc priest barely misses you. The jelly barely misses you.
The orc misses you. The scorpion closely misses you.
You hit the orc priest. You drain the orc priest.
The orc priest is moderately wounded.
The scorpion closely misses you. The orc barely misses you. The jelly hits you.
The acid corrodes you!
You are splashed with acid!
The orc priest barely misses you. The scorpion stings you!
You barely miss the orc. The orc hits you with a +0 short sword.
* * * LOW HITPOINT WARNING * * *
The jelly barely misses you. The orc priest closely misses you.
The scorpion misses you. The orc priest misses you. The jelly hits you.
* * * LOW HITPOINT WARNING * * *
The acid corrodes you!
You are splashed with acid!
You die...

###### #....# #....#
#....# ########
#....# . .......#
#....####.. ..#.[..#
#.....o....
..#....####.....@o...
#.#.............sJ...
#'#####..............
......#..............
......#..............
......#####.....
###+## ## .+


You could see a scorpion, a jelly, an orc priest (very drained) and an orc.

Vanquished Creatures
  An orc priest (D:3)
  An orc wizard (D:4)
  6 gnolls
  5 adders
  7 orcs
  3 ball pythons
  6 endoplasms
  2 giant cockroaches
  6 goblins
  9 hobgoblins
  6 jackals
  9 kobolds
  2 quokkas
  6 bats
  3 frilled lizards
  4 rats
76 creatures vanquished.

Notes
Turn   | Place    | Note
-------+----------+-------------------------------------------
     0 | D:1      | gelatine the Kobold Hunter began the quest for the Orb.
     0 | D:1      | Reached XP level 1. HP: 12/12 MP: 1/1
    68 | D:1      | You fall into a shaft and drop 1 floor!
   157 | D:1      | Reached XP level 2. HP: 17/17 MP: 2/2
   202 | D:1      | Reached skill level 6 in Ranged Weapons
   581 | D:1      | Reached XP level 3. HP: 21/22 MP: 3/3
  1380 | D:2      | Reached XP level 4. HP: 27/27 MP: 4/4
  1739 | D:2      | Reached skill level 7 in Ranged Weapons
  1739 | D:2      | Reached XP level 5. HP: 32/32 MP: 5/5
  2272 | D:3      | Identified the +10 morningstar "Sapatt" {drain, rPois
                  | Dex+2}
  2449 | D:3      | Reached XP level 6. HP: 10/37 MP: 6/6
  2611 | D:3      | Found a hazy altar of Hepliaklqana.
  2653 | D:3      | Found a faded altar of an unknown god.
  2677 | D:3      | Found a broken altar of Ashenzari.
  2802 | D:3      | Reached skill level 1 in Armour
  2939 | D:3      | Found a shimmering blue altar of Sif Muna.
  3330 | D:4      | Splashed by a jelly's acid

Illustrated notes

Levels and vault maps discovered:
D:1:      dpeg_arrival_circle_labyrinth_c, layout_basic
D:2:      layout_basic, dk_noncrumbling_4, chequers_big_river,
          kennysheep_generic_room_15
D:3:      layout_basic, mainiacjoe_overflow_chevrons, old_standard_altar,
          led_sif_pool, ebering_ecumenical_altar_hall, serial_rivers,
          chequers_serial_rivers_micro_b, chequers_serial_rivers_micro_b,
          chequers_serial_rivers_room_a, chequers_serial_rivers_large_a,
          feat_on_display
D:4:      layout_gridville, lemuel_tele_altar, okawaru_gym_becter

Skill      XL: |  1  2  3  4  5  6 |
---------------+-------------------+-----
Ranged Weapons | 6 7 |  7.6
Stealth        | 2 3 |  3.1
Fighting       | 3 |  3.3
Dodging        | 3 |  3.1
Armour         | 1 |  1.1
Maces & Flails | |  0.9

Action                     |  1- 3 |  4- 6 || total
---------------------------+-------+-------++-------
  Melee: Morningstar       |       |    41 ||    41
   Fire: Shortbow          |    88 |    52 ||   140
   Stab: Sleeping          |       |     4 ||     4
         Distracted        |       |     3 ||     3
 Armour: Leather armour    |    13 |     7 ||    20
  Dodge: Dodged            |    32 |    79 ||   111

Table legend: (Time is in decaauts)
 A = Elapsed time spent in this place.
 B = Non-inter-level travel time spent in this place.
 C = Inter-level travel time spent in this place.
 D = Time resting spent in this place.
 E = Time spent auto-exploring this place.
 F = Levels seen in this place.
 G = Mean time per level.
                   A        B        C        D        E       F      G
               +--------+--------+--------+--------+--------+-----+--------+
         Total |   3388 |   3125 |    263 |      0 |   2699 |   4 |  847.0 |
       Dungeon |   3388 |   3125 |    263 |      0 |   2699 |   4 |  847.0 |
               +--------+--------+--------+--------+--------+-----+--------+

Top non-repeatable levels by time:
     D:1: 1141 daAuts
     D:2: 1103 daAuts
     D:3: 1017 daAuts
     D:4: 126 daAuts
